 Dungeon Crawl Stone Soup version 0.31-a0-198-g2ad674f65e (webtiles) character file.

Game seed: 10795955009341238898

102 qw the Shooter (level 4, -4/25 HPs)
             Began as a Deep Elf Hunter on June 25, 2023.
             Slain by Sigmund
             ... wielding a +0 scythe
              (7 damage)
             ... on level 3 of the Dungeon.
             The game lasted 00:00:45 (1777 turns).

qw the Shooter (Deep Elf Hunter)                    Turns: 1777, Time: 00:00:46

Health: -4/25      AC:  6    Str: 10    XL:     4   Next: 49%
Magic:  6/6        EV: 11    Int: 14    God:
Gold:   152        SH:  0    Dex: 18    Spells: 3/3 levels left

rFire   . . .        Y - +0 shortbow
rCold   . . .        (shield currently unavailable)
rNeg    . . .        j - +0 ring mail
rPois   .            (no helmet)
rElec   .            (no cloak)
rCorr   .            (no gloves)
SInv    .            d - +0 pair of boots
Will    .....        e - amulet of regeneration
Stlth   +            (no ring)
HPRegen 0.24/turn    (no ring)
MPRegen 0.10/turn

%: no passive effects
@: no status effects
A: no striking features
a: no special abilities


You were on level 3 of the Dungeon.
You visited 1 branch of the dungeon, and saw 3 of its levels.

You collected 152 gold pieces.


   Skills:
 - Level 1.5 Fighting
 + Level 7.9 Ranged Weapons
 - Level 2.4 Dodging
 - Level 1.2 Stealth


You had 3 spell levels left.
You didn't know any spells.
Your spell library was empty.

Inventory:

Hand Weapons
 Y - a +0 shortbow (weapon)
Armour
 d - a +0 pair of boots (worn)
 j - a +0 ring mail (worn)
Jewellery
 e - an amulet of regeneration (around neck)
 i - a ring of protection from fire
Scrolls
 a - a scroll of brand weapon {unknown}
 b - a scroll of teleportation
 l - a scroll of blinking {unknown}
Potions
 c - a potion of resistance {unknown}
 f - a potion of heal wounds {unknown}
 g - a potion of enlightenment {unknown}
 h - a potion of curing {unknown}
 k - a potion of haste {unknown}

Dungeon Overview and Level Annotations

Branches:
Dungeon (3/15)

Altars:
Dithmenos

Annotations:
D:3 Sigmund


Message History

Enter note:
Enter note:
Enter note:
Enter note:
Enter note: Sigmund barely misses you.
Enter note:
Enter note:
Enter note:
Enter note:
Enter note:
Enter note:
Enter note:
Enter note:
Enter note:
Enter note:
Enter note:
Enter note:
1765 ||| FLEEEEING.
Sigmund casts a spell at you. The puff of flame hits you.
1766 ||| FLEEEEING.
1767 ||| FLEEEEING.
You shoot an arrow. The arrow hits Sigmund.
Sigmund is heavily wounded.
1769 ||| STILL FLEEEEING.
Sigmund gestures at you while chanting.
You are confused.
Sigmund points at you and mumbles some strange words.
The magic dart hits you! Sigmund barely misses you. Sigmund barely misses you.
Sigmund barely misses you.
You feel less confused.
Sigmund mumbles some strange words.
Sigmund flickers and vanishes!
Deactivating autopickup; reactivate with Ctrl-A.
You shoot an arrow. Something hits you!
You die...

#.... .... #... #..##
#+## #.). ##...##
###.###### ##.....##
#........###.......##
#......#.##.........#
#...[..{.@'.........+
#......#.##.........#
#....)##.###.......#
#..#.>##.# ##.....##
#>.#..##.# ##...##
#.....##.# ##'##
#........# #.#
####.##### #.# #.#
##.##


There were no monsters in sight!

Vanquished Creatures
  4 adders
  2 worms (D:2)
  An orc (D:3)
  5 bats
  6 endoplasms
  2 giant cockroaches (D:1)
  7 goblins
  5 hobgoblins
  A quokka (D:1)
  8 ball pythons
  4 frilled lizards
  9 kobolds
  3 rats
57 creatures vanquished.

Notes
Turn   | Place    | Note
-------+----------+-------------------------------------------
     0 | D:1      | qw the Deep Elf Hunter began the quest for the Orb.
     0 | D:1      | Reached XP level 1. HP: 12/12 MP: 3/3
     0 | D:1      | 0 ||| qw: Version: 0.3-a-22-g0ed2b0b
     0 | D:1      | 0 ||| qw: Game counter: 5164
     0 | D:1      | 0 ||| qw: Melee chars always use a shield: true
     0 | D:1      | 0 ||| qw: God list: Okawaru
     0 | D:1      | 0 ||| qw: Allow faded altars: false
     0 | D:1      | 0 ||| qw: Do Orc after clearing Dungeon:15 true
     0 | D:1      | 0 ||| qw: Do second Lair branch before Depths: true
     0 | D:1      | 0 ||| qw: Lair rune preference: random
     0 | D:1      | 0 ||| qw: Goals: Normal
     0 | D:1      | 0 ||| PLANNING D:1-11
    82 | D:1      | Reached skill level 6 in Ranged Weapons
    82 | D:1      | Reached XP level 2. HP: 16/16 MP: 4/4
   675 | D:1      | 675 ||| UPGRADING to +0 pair of boots.
   680 | D:1      | 680 ||| DROPPING scroll of butterflies.
   789 | D:2      | Found a faded altar of an unknown god.
   791 | D:2      | Reached XP level 3. HP: 20/20 MP: 5/5
   808 | D:2      | Reached skill level 7 in Ranged Weapons
  1054 | D:2      | Reached XP level 4. HP: 25/25 MP: 6/6
  1322 | D:2      | 1322 ||| UPGRADING to +0 ring mail.
  1332 | D:2      | 1332 ||| DROPPING +0 leather armour.
  1333 | D:2      | 1333 ||| READING scroll labelled GUUM VUOSUL.
  1334 | D:2      | 1334 ||| READING scroll labelled OLIKKI NIUH.
  1335 | D:2      | 1335 ||| READING scroll labelled ZAAP HIGHUOFYU.
  1336 | D:2      | 1336 ||| READING scroll labelled MAIGEG SO ONY.
  1591 | D:3      | Found a shadowy altar of Dithmenos.
  1749 | D:3      | Noticed Sigmund
  1758 | D:3      | 1758 ||| UPGRADING to amulet of regeneration.
  1765 | D:3      | 1765 ||| FLEEEEING.
  1766 | D:3      | 1766 ||| FLEEEEING.
  1767 | D:3      | 1767 ||| FLEEEEING.
  1770 | D:3      | HP: 2/25 [Sigmund/magic dart (10)]
  1777 | D:3      | Slain by Sigmund

Levels and vault maps discovered:
D:1:      ncdulo_wetmaze, layout_loops_ring
D:2:      layout_basic, nicolae_ecumenical_snake_handling, minmay_3d_cube
D:3:      layout_loops_corners, mainiacjoe_overflow_small_starburst,
          trog_butcher_becter, uniq_sigmund

Skill      XL: |  1  2  3 |
---------------+----------+-----
Ranged Weapons | 6 7 |  7.9
Fighting       | |  1.5
Dodging        | |  2.4
Stealth        | |  1.2

Action                     |  1- 3 |  4- 6 || total
---------------------------+-------+-------++-------
   Fire: Shortbow          |   118 |    42 ||   160
    Use: Scroll            |       |     4 ||     4
 Armour: Leather armour    |    12 |       ||    12
         Ring mail         |       |     5 ||     5
  Dodge: Dodged            |    26 |     6 ||    32

Table legend:
 A = Non-vault XP
 B = Vault XP
 C = Vault XP percentage of total XP
 D = Non-vault monster count
 E = Vault monster count
 F = Vault count percentage of total count
                 A         B        C        D         E       F
            +---------+---------+-------+---------+---------+-------
      Total |     113 |      33 |  22.6 |      48 |       9 |  15.8
            +---------+---------+-------+---------+---------+-------
        D:1 |      38 |       0 |   0.0 |      24 |       0 |   0.0
        D:2 |      37 |      33 |  47.1 |      14 |       9 |  39.1
        D:3 |      38 |       0 |   0.0 |      10 |       0 |   0.0
            +---------+---------+-------+---------+---------+-------
